Workbook

Sheet 法適用_工業用水道事業
B2: 経営比較分析表／団体全体（令和6年度決算）
B5: =データ!H7 -> 広島県 大竹市
B6: 【事業概要】
B7: 業務名 | CH7: 業種名 | FN7: 現在配水能力(合計)(m3/日) | IT7: 類似団体区分 | LZ7: 施設数 | PF7: １日平均配水量(m3) | SM7: グラフ凡例
B8: =データ!I7 -> 法適用 | CH8: =データ!J7 -> 工業用水道事業 | FN8: =データ!K7 -> 79400 | IT8: =データ!L7 -> 中規模 | LZ8: =データ!M7 -> 2 | PF8: =データ!N7 -> 31911 | SM8: ■ | SO8: 当該団体値（当該値）
B9: 資金不足比率(％) | CH9: 自己資本構成比率(％) | FN9: 給水先事業所数 | IT9: 契約水量(m3/日) | LZ9: 管理者の情報 | SM9: － | SO9: 類似団体平均値（平均値）
B10: =データ!O7 -> - | CH10: =データ!P7 -> 57.4 | FN10: =データ!Q7 -> 8 | IT10: =データ!R7 -> 62600 | LZ10: =データ!S7 -> 非設置 | SM10: 【】 | SO10: 令和6年度全国平均
SM12: 分析欄
B14: 1. 経営の健全性・効率性 | SM14: 1. 経営の健全性・効率性について
SM16: ①経常収支比率 100％を超えており単年度収支は黒字です。 ②累積欠損金比率 令和３年度決算において累積欠損金は解消しました。 ③流動比率 類似団体平均値を大きく下回っていますが、100％は上回っており、短期的な支払能力は有しています。 ④企業債残高対給水収益比率 旧第２期工業用水事業に係る企業債残高が依然多く、類似団体平均値を大きく上回っていますが、計画的に償還しており、年々低下しています。 ⑤料金回収率 100％を上回っており、給水に係る費用を給水収益で賄えています。 ⑥給水原価 類似団体平均値を大きく下回っています。旧第１期工業用水事業に係る減価償却費が経年に伴い減少していることが大きな要因です。 ⑦施設利用率 令和６年度に管路の改修を行ったことにより、施設利用率が下がりました。 ⑧契約率 契約社数の増減はないため、数値は横ばいです。
X31: =データ!$B$10 -> R02 | AR31: =データ!$C$10 -> R03 | BL31: =データ!$D$10 -> R04 | CF31: =データ!$E$10 -> R05 | CZ31: =データ!$F$10 -> R06 | ER31: =データ!$B$10 -> R02 | FL31: =データ!$C$10 -> R03 | GF31: =データ!$D$10 -> R04 | GZ31: =データ!$E$10 -> R05 | HT31: =データ!$F$10 -> R06 | JL31: =データ!$B$10 -> R02 | KF31: =データ!$C$10 -> R03 | KZ31: =データ!$D$10 -> R04 | LT31: =データ!$E$10 -> R05 | MN31: =データ!$F$10 -> R06 | OF31: =データ!$B$10 -> R02 | OZ31: =データ!$C$10 -> R03 | PT31: =データ!$D$10 -> R04 | QN31: =データ!$E$10 -> R05 | RH31: =データ!$F$10 -> R06
L32: 当該値 | X32: =データ!T6 -> 126.02 | AR32: =データ!U6 -> 128.56 | BL32: =データ!V6 -> 128.09 | CF32: =データ!W6 -> 128.04 | CZ32: =データ!X6 -> 122.43 | EF32: 当該値 | ER32: =データ!AE6 -> 17.11 | FL32: =データ!AF6 -> 0 | GF32: =データ!AG6 -> 0 | GZ32: =データ!AH6 -> 0 | HT32: =データ!AI6 -> 0 | IZ32: 当該値 | JL32: =データ!AP6 -> 112.94 | KF32: =データ!AQ6 -> 132.03 | KZ32: =データ!AR6 -> 122.03 | LT32: =データ!AS6 -> 115.25 | MN32: =データ!AT6 -> 102.04 | NT32: 当該値 | OF32: =データ!BA6 -> 763.43 | OZ32: =データ!BB6 -> 701.61 | PT32: =データ!BC6 -> 639.92 | QN32: =データ!BD6 -> 584.8 | RH32: =データ!BE6 -> 539.64
L33: 平均値 | X33: =データ!Y6 -> 115.38 | AR33: =データ!Z6 -> 113.53 | BL33: =データ!AA6 -> 111.03 | CF33: =データ!AB6 -> 112.45 | CZ33: =データ!AC6 -> 112.73 | EF33: 平均値 | ER33: =データ!AJ6 -> 53.86 | FL33: =データ!AK6 -> 75.17 | GF33: =データ!AL6 -> 164.95 | GZ33: =データ!AM6 -> 124.74 | HT33: =データ!AN6 -> 114.07 | IZ33: 平均値 | JL33: =データ!AU6 -> 638.35 | KF33: =データ!AV6 -> 521.36 | KZ33: =データ!AW6 -> 549.67 | LT33: =データ!AX6 -> 599.1 | MN33: =データ!AY6 -> 785.37 | NT33: 平均値 | OF33: =データ!BF6 -> 214.2 | OZ33: =データ!BG6 -> 242.32 | PT33: =データ!BH6 -> 256.4 | QN33: =データ!BI6 -> 254.62 | RH33: =データ!BJ6 -> 250.26
SM46: 2. 老朽化の状況について
SM48: ①有形固定資産減価償却率・②管路経年化率 旧第２期工業用水事業の施設は比較的新しいため、いずれも類似団体平均値は下回っていますが、旧第１期工業用水事業の施設の老朽化が進んでおり、計画的に更新を行っていく必要があります。 ③管路更新率 施設の更新を主に行っており、現時点で管路の更新まで着手できていません。将来的な給水計画を策定した上で、計画的に更新を図っていきます。
X54: =データ!$B$10 -> R02 | AR54: =データ!$C$10 -> R03 | BL54: =データ!$D$10 -> R04 | CF54: =データ!$E$10 -> R05 | CZ54: =データ!$F$10 -> R06 | ER54: =データ!$B$10 -> R02 | FL54: =データ!$C$10 -> R03 | GF54: =データ!$D$10 -> R04 | GZ54: =データ!$E$10 -> R05 | HT54: =データ!$F$10 -> R06 | JL54: =データ!$B$10 -> R02 | KF54: =データ!$C$10 -> R03 | KZ54: =データ!$D$10 -> R04 | LT54: =データ!$E$10 -> R05 | MN54: =データ!$F$10 -> R06 | OF54: =データ!$B$10 -> R02 | OZ54: =データ!$C$10 -> R03 | PT54: =データ!$D$10 -> R04 | QN54: =データ!$E$10 -> R05 | RH54: =データ!$F$10 -> R06
L55: 当該値 | X55: =データ!BL6 -> 127.65 | AR55: =データ!BM6 -> 131.07 | BL55: =データ!BN6 -> 130.43 | CF55: =データ!BO6 -> 130.57 | CZ55: =データ!BP6 -> 124.25 | EF55: 当該値 | ER55: =データ!BW6 -> 16.12 | FL55: =データ!BX6 -> 15.73 | GF55: =データ!BY6 -> 15.69 | GZ55: =データ!BZ6 -> 15.56 | HT55: =データ!CA6 -> 16.26 | IZ55: 当該値 | JL55: =データ!CH6 -> 41.73 | KF55: =データ!CI6 -> 43.61 | KZ55: =データ!CJ6 -> 43.97 | LT55: =データ!CK6 -> 42.8 | MN55: =データ!CL6 -> 40.19 | NT55: 当該値 | OF55: =データ!CS6 -> 78.84 | OZ55: =データ!CT6 -> 78.84 | PT55: =データ!CU6 -> 78.84 | QN55: =データ!CV6 -> 78.84 | RH55: =データ!CW6 -> 78.84
L56: 平均値 | X56: =データ!BQ6 -> 103.06 | AR56: =データ!BR6 -> 100.74 | BL56: =データ!BS6 -> 95.67 | CF56: =データ!BT6 -> 106.76 | CZ56: =データ!BU6 -> 105.97 | EF56: 平均値 | ER56: =データ!CB6 -> 26.92 | FL56: =データ!CC6 -> 27.33 | GF56: =データ!CD6 -> 27.25 | GZ56: =データ!CE6 -> 24.35 | HT56: =データ!CF6 -> 24.73 | IZ56: 平均値 | JL56: =データ!CM6 -> 40.29 | KF56: =データ!CN6 -> 40.41 | KZ56: =データ!CO6 -> 41.58 | LT56: =データ!CP6 -> 42.67 | MN56: =データ!CQ6 -> 42.68 | NT56: 平均値 | OF56: =データ!CX6 -> 61.99 | OZ56: =データ!CY6 -> 62.26 | PT56: =データ!CZ6 -> 63.81 | QN56: =データ!DA6 -> 65.94 | RH56: =データ!DB6 -> 66.16
B62: 2. 老朽化の状況
SM66: 全体総括
SM68: 累積欠損金は解消しましたが、旧第２期工業用水事業に係る企業債の償還金の負担は大きく、経営的には十分な余裕がある状況ではありません。 今後、旧第１期工業用水事業の施設の更新を進めていく必要がありますが、将来的な工業用水の需要を見据えた上で、計画的な更新を図っていきます。
Y79: =データ!$B$10 -> R02 | AZ79: =データ!$C$10 -> R03 | CA79: =データ!$D$10 -> R04 | DB79: =データ!$E$10 -> R05 | EC79: =データ!$F$10 -> R06 | GK79: =データ!$B$10 -> R02 | HL79: =データ!$C$10 -> R03 | IM79: =データ!$D$10 -> R04 | JN79: =データ!$E$10 -> R05 | KO79: =データ!$F$10 -> R06 | MW79: =データ!$B$10 -> R02 | NX79: =データ!$C$10 -> R03 | OY79: =データ!$D$10 -> R04 | PZ79: =データ!$E$10 -> R05 | RA79: =データ!$F$10 -> R06
L80: 当該値 | Y80: =データ!DD6 -> 47.56 | AZ80: =データ!DE6 -> 49.27 | CA80: =データ!DF6 -> 51.05 | DB80: =データ!DG6 -> 52.47 | EC80: =データ!DH6 -> 53.32 | FX80: 当該値 | GK80: =データ!DO6 -> 38.37 | HL80: =データ!DP6 -> 38.37 | IM80: =データ!DQ6 -> 38.37 | JN80: =データ!DR6 -> 38.37 | KO80: =データ!DS6 -> 38.37 | MJ80: 当該値 | MW80: =データ!DZ6 -> 1.84 | NX80: =データ!EA6 -> 0 | OY80: =データ!EB6 -> 0 | PZ80: =データ!EC6 -> 0 | RA80: =データ!ED6 -> 0
L81: 平均値 | Y81: =データ!DI6 -> 57.63 | AZ81: =データ!DJ6 -> 58.13 | CA81: =データ!DK6 -> 59.87 | DB81: =データ!DL6 -> 56.74 | EC81: =データ!DM6 -> 58.37 | FX81: 平均値 | GK81: =データ!DT6 -> 52.35 | HL81: =データ!DU6 -> 53.69 | IM81: =データ!DV6 -> 56.59 | JN81: =データ!DW6 -> 54.73 | KO81: =データ!DX6 -> 54.57 | MJ81: 平均値 | MW81: =データ!EE6 -> 0.24 | NX81: =データ!EF6 -> 0.22 | OY81: =データ!EG6 -> 0.24 | PZ81: =データ!EH6 -> 0.52 | RA81: =データ!EI6 -> 0.17
C88: 全国平均
C89: ① | AD89: ② | BE89: ③ | CF89: ④ | DG89: ⑤ | EH89: ⑥ | FI89: ⑦ | GJ89: ⑧ | HK89: ① | IL89: ② | JM89: ③
C90: =データ!AD6 -> 【111.95】 | AD90: =データ!AO6 -> 【22.25】 | BE90: =データ!AZ6 -> 【439.16】 | CF90: =データ!BK6 -> 【227.97】 | DG90: =データ!BV6 -> 【107.69】 | EH90: =データ!CG6 -> 【20.26】 | FI90: =データ!CR6 -> 【52.31】 | GJ90: =データ!DC6 -> 【77.20】 | HK90: =データ!DN6 -> 【61.29】 | IL90: =データ!DY6 -> 【50.74】 | JM90: =データ!EJ6 -> 【0.20】

Sheet データ
A1: 工業用水道事業(法適用)
A2: 項番 | B2: =COLUMN()-1 -> 1 | C2: =COLUMN()-1 -> 2 | D2: =COLUMN()-1 -> 3 | E2: =COLUMN()-1 -> 4 | F2: =COLUMN()-1 -> 5 | G2: =COLUMN()-1 -> 6 | H2: =COLUMN()-1 -> 7 | I2: =COLUMN()-1 -> 8 | ... EJ2: =COLUMN()-1 -> 139
A3: 大項目 | B3: 年度 | C3: 団体CD | D3: 業務CD | E3: 業種CD | F3: 事業CD | G3: 施設CD | H3: 基本情報 | T3: 1. 経営の健全性・効率性 | DD3: 2. 老朽化の状況
A4: 中項目 | T4: ①経常収支比率(％) | AE4: ②累積欠損金比率(％) | AP4: ③流動比率(％) | BA4: ④企業債残高対給水収益比率(％) | BL4: ⑤料金回収率(％) | BW4: ⑥給水原価(円) | CH4: ⑦施設利用率(％) | CS4: ⑧契約率(％) | DD4: ①有形固定資産減価償却率(％) | DO4: ②管路経年化率(％) | DZ4: ③管路更新率(％)
A5: 小項目 | H5: 都道府県・団体名 | I5: 業務名 | J5: 業種名 | K5: 現在配水能力（合計） | L5: 類似団体区分 | M5: 施設数 | N5: １日平均配水量 | O5: 資金不足比率(％) | P5: 自己資本構成比率(％) | Q5: 給水先事業所数 | R5: 契約水量 | S5: 管理者の情報 | T5: 比率(N-4) | U5: 比率(N-3) | V5: 比率(N-2) | W5: 比率(N-1) | X5: 比率(N) | Y5: 類似団体平均(N-4) | Z5: 類似団体平均(N-3) | AA5: 類似団体平均(N-2) | AB5: 類似団体平均(N-1) | AC5: 類似団体平均(N) | AD5: 全国平均 | AE5: 比率(N-4) | AF5: 比率(N-3) | AG5: 比率(N-2) | AH5: 比率(N-1) | AI5: 比率(N) | AJ5: 類似団体平均(N-4) | AK5: 類似団体平均(N-3) | AL5: 類似団体平均(N-2) | AM5: 類似団体平均(N-1) | AN5: 類似団体平均(N) | AO5: 全国平均 | AP5: 比率(N-4) | AQ5: 比率(N-3) | AR5: 比率(N-2) | AS5: 比率(N-1) | AT5: 比率(N) | AU5: 類似団体平均(N-4) | AV5: 類似団体平均(N-3) | AW5: 類似団体平均(N-2) | AX5: 類似団体平均(N-1) | AY5: 類似団体平均(N) | AZ5: 全国平均 | BA5: 比率(N-4) | BB5: 比率(N-3) | BC5: 比率(N-2) | BD5: 比率(N-1) | BE5: 比率(N) | BF5: 類似団体平均(N-4) | BG5: 類似団体平均(N-3) | BH5: 類似団体平均(N-2) | BI5: 類似団体平均(N-1) | BJ5: 類似団体平均(N) | BK5: 全国平均 | BL5: 比率(N-4) | BM5: 比率(N-3) | BN5: 比率(N-2) | BO5: 比率(N-1) | BP5: 比率(N) | BQ5: 類似団体平均(N-4) | BR5: 類似団体平均(N-3) | BS5: 類似団体平均(N-2) | BT5: 類似団体平均(N-1) | BU5: 類似団体平均(N) | BV5: 全国平均 | BW5: 比率(N-4) | BX5: 比率(N-3) | BY5: 比率(N-2) | BZ5: 比率(N-1) | CA5: 比率(N) | CB5: 類似団体平均(N-4) | CC5: 類似団体平均(N-3) | CD5: 類似団体平均(N-2) | CE5: 類似団体平均(N-1) | CF5: 類似団体平均(N) | CG5: 全国平均 | CH5: 比率(N-4) | CI5: 比率(N-3) | CJ5: 比率(N-2) | CK5: 比率(N-1) | CL5: 比率(N) | CM5: 類似団体平均(N-4) | CN5: 類似団体平均(N-3) | CO5: 類似団体平均(N-2) | CP5: 類似団体平均(N-1) | CQ5: 類似団体平均(N) | CR5: 全国平均 | CS5: 比率(N-4) | CT5: 比率(N-3) | CU5: 比率(N-2) | CV5: 比率(N-1) | CW5: 比率(N) | CX5: 類似団体平均(N-4) | CY5: 類似団体平均(N-3) | CZ5: 類似団体平均(N-2) | DA5: 類似団体平均(N-1) | DB5: 類似団体平均(N) | DC5: 全国平均 | DD5: 比率(N-4) | DE5: 比率(N-3) | DF5: 比率(N-2) | DG5: 比率(N-1) | DH5: 比率(N) | DI5: 類似団体平均(N-4) | DJ5: 類似団体平均(N-3) | DK5: 類似団体平均(N-2) | DL5: 類似団体平均(N-1) | DM5: 類似団体平均(N) | DN5: 全国平均 | DO5: 比率(N-4) | DP5: 比率(N-3) | DQ5: 比率(N-2) | DR5: 比率(N-1) | DS5: 比率(N) | DT5: 類似団体平均(N-4) | DU5: 類似団体平均(N-3) | DV5: 類似団体平均(N-2) | DW5: 類似団体平均(N-1) | DX5: 類似団体平均(N) | DY5: 全国平均 | DZ5: 比率(N-4) | EA5: 比率(N-3) | EB5: 比率(N-2) | EC5: 比率(N-1) | ED5: 比率(N) | EE5: 類似団体平均(N-4) | EF5: 類似団体平均(N-3) | EG5: 類似団体平均(N-2) | EH5: 類似団体平均(N-1) | EI5: 類似団体平均(N) | EJ5: 全国平均
A6: 表参照用 | T6: =T7 -> 126.02 | U6: =U7 -> 128.56 | V6: =V7 -> 128.09 | W6: =W7 -> 128.04 | X6: =X7 -> 122.43 | Y6: =Y7 -> 115.38 | Z6: =Z7 -> 113.53 | AA6: =AA7 -> 111.03 | ... AC6: =AC7 -> 112.73 | AD6: =IF(AD7="-","【-】","【"&SUBSTITUTE(TEXT(AD7,"#,##0.00"),"-","△")&"】") -> 【111.95】 | AE6: =AE7 -> 17.11 | AF6: =AF7 -> 0 | AG6: =AG7 -> 0 | AH6: =AH7 -> 0 | AI6: =AI7 -> 0 | AJ6: =AJ7 -> 53.86 | AK6: =AK7 -> 75.17 | AL6: =AL7 -> 164.95 | ... AN6: =AN7 -> 114.07 | AO6: =IF(AO7="-","【-】","【"&SUBSTITUTE(TEXT(AO7,"#,##0.00"),"-","△")&"】") -> 【22.25】 | AP6: =AP7 -> 112.94 | AQ6: =AQ7 -> 132.03 | AR6: =AR7 -> 122.03 | AS6: =AS7 -> 115.25 | AT6: =AT7 -> 102.04 | AU6: =AU7 -> 638.35 | AV6: =AV7 -> 521.36 | AW6: =AW7 -> 549.67 | ... AY6: =AY7 -> 785.37 | AZ6: =IF(AZ7="-","【-】","【"&SUBSTITUTE(TEXT(AZ7,"#,##0.00"),"-","△")&"】") -> 【439.16】 | BA6: =BA7 -> 763.43 | BB6: =BB7 -> 701.61 | BC6: =BC7 -> 639.92 | BD6: =BD7 -> 584.8 | BE6: =BE7 -> 539.64 | BF6: =BF7 -> 214.2 | BG6: =BG7 -> 242.32 | BH6: =BH7 -> 256.4 | ... BJ6: =BJ7 -> 250.26 | BK6: =IF(BK7="-","【-】","【"&SUBSTITUTE(TEXT(BK7,"#,##0.00"),"-","△")&"】") -> 【227.97】 | BL6: =BL7 -> 127.65 | BM6: =BM7 -> 131.07 | BN6: =BN7 -> 130.43 | BO6: =BO7 -> 130.57 | BP6: =BP7 -> 124.25 | BQ6: =BQ7 -> 103.06 | BR6: =BR7 -> 100.74 | BS6: =BS7 -> 95.67 | ... BU6: =BU7 -> 105.97 | BV6: =IF(BV7="-","【-】","【"&SUBSTITUTE(TEXT(BV7,"#,##0.00"),"-","△")&"】") -> 【107.69】 | BW6: =BW7 -> 16.12 | BX6: =BX7 -> 15.73 | BY6: =BY7 -> 15.69 | BZ6: =BZ7 -> 15.56 | CA6: =CA7 -> 16.26 | CB6: =CB7 -> 26.92 | CC6: =CC7 -> 27.33 | CD6: =CD7 -> 27.25 | ... CF6: =CF7 -> 24.73 | CG6: =IF(CG7="-","【-】","【"&SUBSTITUTE(TEXT(CG7,"#,##0.00"),"-","△")&"】") -> 【20.26】 | CH6: =CH7 -> 41.73 | CI6: =CI7 -> 43.61 | CJ6: =CJ7 -> 43.97 | CK6: =CK7 -> 42.8 | CL6: =CL7 -> 40.19 | CM6: =CM7 -> 40.29 | CN6: =CN7 -> 40.41 | CO6: =CO7 -> 41.58 | ... CQ6: =CQ7 -> 42.68 | CR6: =IF(CR7="-","【-】","【"&SUBSTITUTE(TEXT(CR7,"#,##0.00"),"-","△")&"】") -> 【52.31】 | CS6: =CS7 -> 78.84 | CT6: =CT7 -> 78.84 | CU6: =CU7 -> 78.84 | CV6: =CV7 -> 78.84 | CW6: =CW7 -> 78.84 | CX6: =CX7 -> 61.99 | CY6: =CY7 -> 62.26 | CZ6: =CZ7 -> 63.81 | ... DB6: =DB7 -> 66.16 | DC6: =IF(DC7="-","【-】","【"&SUBSTITUTE(TEXT(DC7,"#,##0.00"),"-","△")&"】") -> 【77.20】 | DD6: =DD7 -> 47.56 | DE6: =DE7 -> 49.27 | DF6: =DF7 -> 51.05 | DG6: =DG7 -> 52.47 | DH6: =DH7 -> 53.32 | DI6: =DI7 -> 57.63 | DJ6: =DJ7 -> 58.13 | DK6: =DK7 -> 59.87 | ... DM6: =DM7 -> 58.37 | DN6: =IF(DN7="-","【-】","【"&SUBSTITUTE(TEXT(DN7,"#,##0.00"),"-","△")&"】") -> 【61.29】 | DO6: =DO7 -> 38.37 | DP6: =DP7 -> 38.37 | DQ6: =DQ7 -> 38.37 | DR6: =DR7 -> 38.37 | DS6: =DS7 -> 38.37 | DT6: =DT7 -> 52.35 | DU6: =DU7 -> 53.69 | DV6: =DV7 -> 56.59 | ... DX6: =DX7 -> 54.57 | DY6: =IF(DY7="-","【-】","【"&SUBSTITUTE(TEXT(DY7,"#,##0.00"),"-","△")&"】") -> 【50.74】 | DZ6: =DZ7 -> 1.84 | EA6: =EA7 -> 0 | EB6: =EB7 -> 0 | EC6: =EC7 -> 0 | ED6: =ED7 -> 0 | EE6: =EE7 -> 0.24 | EF6: =EF7 -> 0.22 | EG6: =EG7 -> 0.24 | ... EI6: =EI7 -> 0.17 | EJ6: =IF(EJ7="-","【-】","【"&SUBSTITUTE(TEXT(EJ7,"#,##0.00"),"-","△")&"】") -> 【0.20】
B7: 2024 | C7: 342114 | D7: 46 | E7: 02 | F7: 0 | G7: 000 | H7: 広島県 大竹市 | I7: 法適用 | J7: 工業用水道事業 | K7: 79400 | L7: 中規模 | M7: 2 | N7: 31911 | O7: - | P7: 57.4 | Q7: 8 | R7: 62600 | S7: 非設置 | T7: 126.02 | U7: 128.56 | V7: 128.09 | W7: 128.04 | X7: 122.43 | Y7: 115.38 | Z7: 113.53 | AA7: 111.03 | AB7: 112.45 | AC7: 112.73 | AD7: 111.95 | AE7: 17.11 | AF7: 0 | AG7: 0 | AH7: 0 | AI7: 0 | AJ7: 53.86 | AK7: 75.17 | AL7: 164.95 | AM7: 124.74 | AN7: 114.07 | AO7: 22.25 | AP7: 112.94 | AQ7: 132.03 | AR7: 122.03 | AS7: 115.25 | AT7: 102.04 | AU7: 638.35 | AV7: 521.36 | AW7: 549.67 | AX7: 599.1 | AY7: 785.37 | AZ7: 439.16 | BA7: 763.43 | BB7: 701.61 | BC7: 639.92 | BD7: 584.8 | BE7: 539.64 | BF7: 214.2 | BG7: 242.32 | BH7: 256.4 | BI7: 254.62 | BJ7: 250.26 | BK7: 227.97 | BL7: 127.65 | BM7: 131.07 | BN7: 130.43 | BO7: 130.57 | BP7: 124.25 | BQ7: 103.06 | BR7: 100.74 | BS7: 95.67 | BT7: 106.76 | BU7: 105.97 | BV7: 107.69 | BW7: 16.12 | BX7: 15.73 | BY7: 15.69 | BZ7: 15.56 | CA7: 16.26 | CB7: 26.92 | CC7: 27.33 | CD7: 27.25 | CE7: 24.35 | CF7: 24.73 | CG7: 20.26 | CH7: 41.73 | CI7: 43.61 | CJ7: 43.97 | CK7: 42.8 | CL7: 40.19 | CM7: 40.29 | CN7: 40.41 | CO7: 41.58 | CP7: 42.67 | CQ7: 42.68 | CR7: 52.31 | CS7: 78.84 | CT7: 78.84 | CU7: 78.84 | CV7: 78.84 | CW7: 78.84 | CX7: 61.99 | CY7: 62.26 | CZ7: 63.81 | DA7: 65.94 | DB7: 66.16 | DC7: 77.2 | DD7: 47.56 | DE7: 49.27 | DF7: 51.05 | DG7: 52.47 | DH7: 53.32 | DI7: 57.63 | DJ7: 58.13 | DK7: 59.87 | DL7: 56.74 | DM7: 58.37 | DN7: 61.29 | DO7: 38.37 | DP7: 38.37 | DQ7: 38.37 | DR7: 38.37 | DS7: 38.37 | DT7: 52.35 | DU7: 53.69 | DV7: 56.59 | DW7: 54.73 | DX7: 54.57 | DY7: 50.74 | DZ7: 1.84 | EA7: 0 | EB7: 0 | EC7: 0 | ED7: 0 | EE7: 0.24 | EF7: 0.22 | EG7: 0.24 | EH7: 0.52 | EI7: 0.17 | EJ7: 0.2
B9: Ｎ－４年度 | C9: Ｎ－３年度 | D9: Ｎ－２年度 | E9: Ｎ－１年度 | F9: Ｎ年度 | T9: =T4 -> ①経常収支比率(％) | AE9: =AE4 -> ②累積欠損金比率(％) | AP9: =AP4 -> ③流動比率(％) | BA9: =BA4 -> ④企業債残高対給水収益比率(％) | BL9: =BL4 -> ⑤料金回収率(％) | BW9: =BW4 -> ⑥給水原価(円) | CH9: =CH4 -> ⑦施設利用率(％) | CS9: =CS4 -> ⑧契約率(％) | DD9: =DD4 -> ①有形固定資産減価償却率(％) | DO9: =DO4 -> ②管路経年化率(％) | DZ9: =DZ4 -> ③管路更新率(％)
A10: 年度 | B10: =IF(VALUE($B$7)=0,"",IF(VALUE($B$7)>2022,"R"&TEXT(VALUE($B$7)-2022,"00"),"H"&VALUE($B$7)-1992)) -> R02 | C10: =IF(VALUE($B$7)=0,"",IF(VALUE($B$7)>2021,"R"&TEXT(VALUE($B$7)-2021,"00"),"H"&VALUE($B$7)-1991)) -> R03 | D10: =IF(VALUE($B$7)=0,"",IF(VALUE($B$7)>2020,"R"&TEXT(VALUE($B$7)-2020,"00"),"H"&VALUE($B$7)-1990)) -> R04 | E10: =IF(VALUE($B$7)=0,"",IF(VALUE($B$7)>2019,"R"&TEXT(VALUE($B$7)-2019,"00"),"H"&VALUE($B$7)-1989)) -> R05 | F10: =IF(VALUE($B$7)=0,"",IF(VALUE($B$7)>2018,"R"&TEXT(VALUE($B$7)-2018,"00"),"H"&VALUE($B$7)-1988)) -> R06 | U10: =$B$10 -> R02 | V10: =$C$10 -> R03 | W10: =$D$10 -> R04 | X10: =$E$10 -> R05 | Y10: =$F$10 -> R06 | AF10: =$B$10 -> R02 | AG10: =$C$10 -> R03 | AH10: =$D$10 -> R04 | AI10: =$E$10 -> R05 | AJ10: =$F$10 -> R06 | AQ10: =$B$10 -> R02 | AR10: =$C$10 -> R03 | AS10: =$D$10 -> R04 | AT10: =$E$10 -> R05 | AU10: =$F$10 -> R06 | BB10: =$B$10 -> R02 | BC10: =$C$10 -> R03 | BD10: =$D$10 -> R04 | BE10: =$E$10 -> R05 | BF10: =$F$10 -> R06 | BM10: =$B$10 -> R02 | BN10: =$C$10 -> R03 | BO10: =$D$10 -> R04 | BP10: =$E$10 -> R05 | BQ10: =$F$10 -> R06 | BX10: =$B$10 -> R02 | BY10: =$C$10 -> R03 | BZ10: =$D$10 -> R04 | CA10: =$E$10 -> R05 | CB10: =$F$10 -> R06 | CI10: =$B$10 -> R02 | CJ10: =$C$10 -> R03 | CK10: =$D$10 -> R04 | CL10: =$E$10 -> R05 | CM10: =$F$10 -> R06 | CT10: =$B$10 -> R02 | CU10: =$C$10 -> R03 | CV10: =$D$10 -> R04 | CW10: =$E$10 -> R05 | CX10: =$F$10 -> R06 | DE10: =$B$10 -> R02 | DF10: =$C$10 -> R03 | DG10: =$D$10 -> R04 | DH10: =$E$10 -> R05 | DI10: =$F$10 -> R06 | DP10: =$B$10 -> R02 | DQ10: =$C$10 -> R03 | DR10: =$D$10 -> R04 | DS10: =$E$10 -> R05 | DT10: =$F$10 -> R06 | EA10: =$B$10 -> R02 | EB10: =$C$10 -> R03 | EC10: =$D$10 -> R04 | ED10: =$E$10 -> R05 | EE10: =$F$10 -> R06
T11: 当該値 | U11: =IF(T6="-",NA(),T6) -> 126.02 | V11: =IF(U6="-",NA(),U6) -> 128.56 | W11: =IF(V6="-",NA(),V6) -> 128.09 | X11: =IF(W6="-",NA(),W6) -> 128.04 | Y11: =IF(X6="-",NA(),X6) -> 122.43 | AE11: 当該値 | AF11: =IF(AE6="-",NA(),AE6) -> 17.11 | AG11: =IF(AF6="-",NA(),AF6) -> 0 | AH11: =IF(AG6="-",NA(),AG6) -> 0 | AI11: =IF(AH6="-",NA(),AH6) -> 0 | AJ11: =IF(AI6="-",NA(),AI6) -> 0 | AP11: 当該値 | AQ11: =IF(AP6="-",NA(),AP6) -> 112.94 | AR11: =IF(AQ6="-",NA(),AQ6) -> 132.03 | AS11: =IF(AR6="-",NA(),AR6) -> 122.03 | AT11: =IF(AS6="-",NA(),AS6) -> 115.25 | AU11: =IF(AT6="-",NA(),AT6) -> 102.04 | BA11: 当該値 | BB11: =IF(BA6="-",NA(),BA6) -> 763.43 | BC11: =IF(BB6="-",NA(),BB6) -> 701.61 | BD11: =IF(BC6="-",NA(),BC6) -> 639.92 | BE11: =IF(BD6="-",NA(),BD6) -> 584.8 | BF11: =IF(BE6="-",NA(),BE6) -> 539.64 | BL11: 当該値 | BM11: =IF(BL6="-",NA(),BL6) -> 127.65 | BN11: =IF(BM6="-",NA(),BM6) -> 131.07 | BO11: =IF(BN6="-",NA(),BN6) -> 130.43 | BP11: =IF(BO6="-",NA(),BO6) -> 130.57 | BQ11: =IF(BP6="-",NA(),BP6) -> 124.25 | BW11: 当該値 | BX11: =IF(BW6="-",NA(),BW6) -> 16.12 | BY11: =IF(BX6="-",NA(),BX6) -> 15.73 | BZ11: =IF(BY6="-",NA(),BY6) -> 15.69 | CA11: =IF(BZ6="-",NA(),BZ6) -> 15.56 | CB11: =IF(CA6="-",NA(),CA6) -> 16.26 | CH11: 当該値 | CI11: =IF(CH6="-",NA(),CH6) -> 41.73 | CJ11: =IF(CI6="-",NA(),CI6) -> 43.61 | CK11: =IF(CJ6="-",NA(),CJ6) -> 43.97 | CL11: =IF(CK6="-",NA(),CK6) -> 42.8 | CM11: =IF(CL6="-",NA(),CL6) -> 40.19 | CS11: 当該値 | CT11: =IF(CS6="-",NA(),CS6) -> 78.84 | CU11: =IF(CT6="-",NA(),CT6) -> 78.84 | CV11: =IF(CU6="-",NA(),CU6) -> 78.84 | CW11: =IF(CV6="-",NA(),CV6) -> 78.84 | CX11: =IF(CW6="-",NA(),CW6) -> 78.84 | DD11: 当該値 | DE11: =IF(DD6="-",NA(),DD6) -> 47.56 | DF11: =IF(DE6="-",NA(),DE6) -> 49.27 | DG11: =IF(DF6="-",NA(),DF6) -> 51.05 | DH11: =IF(DG6="-",NA(),DG6) -> 52.47 | DI11: =IF(DH6="-",NA(),DH6) -> 53.32 | DO11: 当該値 | DP11: =IF(DO6="-",NA(),DO6) -> 38.37 | DQ11: =IF(DP6="-",NA(),DP6) -> 38.37 | DR11: =IF(DQ6="-",NA(),DQ6) -> 38.37 | DS11: =IF(DR6="-",NA(),DR6) -> 38.37 | DT11: =IF(DS6="-",NA(),DS6) -> 38.37 | DZ11: 当該値 | EA11: =IF(DZ6="-",NA(),DZ6) -> 1.84 | EB11: =IF(EA6="-",NA(),EA6) -> 0 | EC11: =IF(EB6="-",NA(),EB6) -> 0 | ED11: =IF(EC6="-",NA(),EC6) -> 0 | EE11: =IF(ED6="-",NA(),ED6) -> 0
T12: 平均値 | U12: =IF(Y6="-",NA(),Y6) -> 115.38 | V12: =IF(Z6="-",NA(),Z6) -> 113.53 | W12: =IF(AA6="-",NA(),AA6) -> 111.03 | X12: =IF(AB6="-",NA(),AB6) -> 112.45 | Y12: =IF(AC6="-",NA(),AC6) -> 112.73 | AE12: 平均値 | AF12: =IF(AJ6="-",NA(),AJ6) -> 53.86 | AG12: =IF(AK6="-",NA(),AK6) -> 75.17 | AH12: =IF(AL6="-",NA(),AL6) -> 164.95 | AI12: =IF(AM6="-",NA(),AM6) -> 124.74 | AJ12: =IF(AN6="-",NA(),AN6) -> 114.07 | AP12: 平均値 | AQ12: =IF(AU6="-",NA(),AU6) -> 638.35 | AR12: =IF(AV6="-",NA(),AV6) -> 521.36 | AS12: =IF(AW6="-",NA(),AW6) -> 549.67 | AT12: =IF(AX6="-",NA(),AX6) -> 599.1 | AU12: =IF(AY6="-",NA(),AY6) -> 785.37 | BA12: 平均値 | BB12: =IF(BF6="-",NA(),BF6) -> 214.2 | BC12: =IF(BG6="-",NA(),BG6) -> 242.32 | BD12: =IF(BH6="-",NA(),BH6) -> 256.4 | BE12: =IF(BI6="-",NA(),BI6) -> 254.62 | BF12: =IF(BJ6="-",NA(),BJ6) -> 250.26 | BL12: 平均値 | BM12: =IF(BQ6="-",NA(),BQ6) -> 103.06 | BN12: =IF(BR6="-",NA(),BR6) -> 100.74 | BO12: =IF(BS6="-",NA(),BS6) -> 95.67 | BP12: =IF(BT6="-",NA(),BT6) -> 106.76 | BQ12: =IF(BU6="-",NA(),BU6) -> 105.97 | BW12: 平均値 | BX12: =IF(CB6="-",NA(),CB6) -> 26.92 | BY12: =IF(CC6="-",NA(),CC6) -> 27.33 | BZ12: =IF(CD6="-",NA(),CD6) -> 27.25 | CA12: =IF(CE6="-",NA(),CE6) -> 24.35 | CB12: =IF(CF6="-",NA(),CF6) -> 24.73 | CH12: 平均値 | CI12: =IF(CM6="-",NA(),CM6) -> 40.29 | CJ12: =IF(CN6="-",NA(),CN6) -> 40.41 | CK12: =IF(CO6="-",NA(),CO6) -> 41.58 | CL12: =IF(CP6="-",NA(),CP6) -> 42.67 | CM12: =IF(CQ6="-",NA(),CQ6) -> 42.68 | CS12: 平均値 | CT12: =IF(CX6="-",NA(),CX6) -> 61.99 | CU12: =IF(CY6="-",NA(),CY6) -> 62.26 | CV12: =IF(CZ6="-",NA(),CZ6) -> 63.81 | CW12: =IF(DA6="-",NA(),DA6) -> 65.94 | CX12: =IF(DB6="-",NA(),DB6) -> 66.16 | DD12: 平均値 | DE12: =IF(DI6="-",NA(),DI6) -> 57.63 | DF12: =IF(DJ6="-",NA(),DJ6) -> 58.13 | DG12: =IF(DK6="-",NA(),DK6) -> 59.87 | DH12: =IF(DL6="-",NA(),DL6) -> 56.74 | DI12: =IF(DM6="-",NA(),DM6) -> 58.37 | DO12: 平均値 | DP12: =IF(DT6="-",NA(),DT6) -> 52.35 | DQ12: =IF(DU6="-",NA(),DU6) -> 53.69 | DR12: =IF(DV6="-",NA(),DV6) -> 56.59 | DS12: =IF(DW6="-",NA(),DW6) -> 54.73 | DT12: =IF(DX6="-",NA(),DX6) -> 54.57 | DZ12: 平均値 | EA12: =IF(EE6="-",NA(),EE6) -> 0.24 | EB12: =IF(EF6="-",NA(),EF6) -> 0.22 | EC12: =IF(EG6="-",NA(),EG6) -> 0.24 | ED12: =IF(EH6="-",NA(),EH6) -> 0.52 | EE12: =IF(EI6="-",NA(),EI6) -> 0.17
